Map: Deathaura LE

Players

ShaDoWn

  • Race: Protoss Protoss
  • League: Master
  • Spawn Location: 5:00

PtitDrogo - Winner!

  • Race: Protoss Protoss
  • League: Grandmaster
  • Spawn Location: 11:00

Event: DreamHack SC2 Masters 2020 Summer Europe

VOD

Have the link to the VOD?

Description

Time

  • Played on: June 27, 2020, 1:08 p.m.
  • Length: 7:58

All games in this series

Show
View Real Time Build Order
Export as new Build Order

ShaDoWn Protoss 

Build Orders:  

Get SALT Encoding   

  12  0:00  Probe  
  13  0:13  Probe  
  14  0:17  Pylon  
  14  0:24  Probe  
  15  0:32  Probe  
  15  0:36  Gateway  
  15  0:40  Probe  
  16  0:46  Assimilator  
  17  0:51  Probe  
  18  1:02  Pylon  
  18  1:03  Probe  
  19  1:13  Gateway  
  19  1:15  Probe  
  20  1:23  Cybernetics Core  
  20  1:27  Probe  
  21  1:33  Assimilator  
  21  1:39  Probe  
  22  1:42  Pylon  
  22  1:48  Pylon  
  22  1:51  Probe  
  22  1:52  Warp Gate  
  23  2:00  Adept x2  
  27  2:05  Probe  
  28  2:11  Shield Battery  
  28  2:30  Adept  
  30  2:46  Pylon  
  30  2:49  Nexus  
  30  2:59  Adept  
  30  3:04  Adept  
  32  3:13  Probe  
  32  3:15  Shield Battery  
  33  3:26  Probe  
  34  3:34  Pylon  
  34  3:38  Probe  
  34  3:40  Robotics Facility  
  35  3:47  Shield Battery  
  35  3:48  Stalker  
  37  3:49  Stalker  
  37  3:52  Probe  
  40  3:58  Shield Battery  
  40  4:02  Probe  
  41  4:09  Probe  
  42  4:16  Stalker  
  45  4:22  Stalker  
  45  4:23  Shield Battery  
  46  4:27  Probe  
  41  4:39  Sentry  
  41  4:40  Probe  
  45  4:45  Probe  
  45  4:48  Adept  
  45  4:52  Probe  
  45  4:56  Probe  
  41  5:01  Probe  
  41  5:04  Probe  
  42  5:09  Probe  
  42  5:12  Probe  
  44  5:18  Forge  
  44  5:19  Probe  
  46  5:22  Sentry x2  
  46  5:24  Probe  
  46  5:27  Shield Battery  
  51  5:31  Probe  
  46  5:36  Probe  
  45  5:43  Probe  
  45  5:48  Probe  
  47  5:55  Adept, Twilight Council, Probe  
  50  6:00  Adept, Probe  
  52  6:07  Probe  
  48  6:12  Probe  
  48  6:16  Adept  
  48  6:18  Probe  
  51  6:24  Probe  
  52  6:26  Probe  
  53  6:34  Probe  
  53  6:36  Probe  
  53  6:37  Adept x2  
  59  6:44  Gateway  
  59  6:46  Probe  
  60  6:48  Probe  
  61  6:58  Probe  
  61  7:01  Probe  
  59  7:02  Assimilator x2  
  59  7:04  Pylon  
  59  7:06  Gateway  
  59  7:08  Adept  
  61  7:10  Probe  
  61  7:15  Probe  
  58  7:29  Adept x2  
  54  7:33  Probe  
  45  7:44  Probe  
  45  7:48  Adept x2  
Show
View Real Time Build Order
Export as new Build Order

PtitDrogo Protoss - Winner!

Build Orders: Mass Adepts 

Get SALT Encoding   

  12  0:00  Probe  
  13  0:13  Probe  
  14  0:16  Pylon  
  14  0:25  Probe  
  15  0:33  Probe  
  15  0:35  Gateway  
  15  0:41  Probe  
  16  0:46  Assimilator  
  17  0:51  Probe  
  18  0:57  Assimilator  
  18  1:03  Probe  
  19  1:12  Gateway  
  19  1:17  Probe  
  20  1:29  Probe  
  21  1:34  Cybernetics Core  
  21  1:38  Probe  
  21  1:45  Pylon  
  21  1:46  Probe  
  23  2:02  Warp Gate  
  23  2:03  Probe  
  24  2:10  Adept x2  
  24  2:15  Probe  
  29  2:28  Pylon, Probe  
  29  2:40  Adept  
  31  2:46  Adept  
  31  2:49  Shield Battery  
  33  3:06  Nexus  
  33  3:19  Adept x2  
  37  3:21  Probe  
  38  3:33  Twilight Council, Probe  
  39  3:39  Pylon  
  39  3:46  Resonating Glaives  
  39  3:57  Adept x2, Probe  
  39  3:59  Shield Battery  
  44  4:09  Probe  
  45  4:19  Adept x2  
  47  4:34  Probe  
  44  4:38  Probe  
  44  4:40  Pylon  
  41  4:48  Probe  
  42  4:57  Probe  
  39  5:01  Gateway  
  39  5:02  Gateway  
  39  5:04  Probe  
  39  5:06  Adept x2  
  44  5:10  Probe  
  45  5:17  Probe  
  46  5:23  Probe  
  46  5:26  Gateway  
  47  5:29  Probe  
  46  5:38  Adept  
  46  5:39  Adept  
  46  5:47  Probe  
  46  5:48  Probe  
  48  5:50  Pylon  
  48  5:52  Gateway  
  48  5:55  Assimilator  
  48  5:56  Adept x2  
  52  5:59  Adept  
  52  6:00  Probe  
  54  6:05  Adept  
  54  6:08  Probe  
  48  6:15  Probe  
  48  6:21  Probe  
  48  6:23  Adept x4  
  55  6:30  Adept  
  57  6:34  Robotics Facility  
  57  6:40  Probe  
  57  6:45  Adept x2  
  57  6:46  Adept x2  
  66  6:48  Probe  
  66  6:53  Probe  
  64  7:00  Probe  
  63  7:04  Adept, Templar Archives  
  63  7:05  Probe  
  64  7:17  Adept x3  
  66  7:29  Adept x2  
  66  7:30  Probe  
  66  7:33  Probe  
  64  7:39  Adept x3  
  64  7:55  Adept x2  
Tags
 
Add a new tag
Caveats
  • Supply blocks, unpowered buildings, or Contaminate may cause inaccurate times.
  • Supply counts are checked every 10 seconds.